Cogmind - Beta 9.2 @@@ ROGUE MODE // 2019.12.04 @ 05:51:09 Player: spruce (@macklemurr) Result: Destroyed by S-10 Pest with Light Assault Rifle Performance ------------- Evolutions (0) 0 Regions Visited (1) 200 Robots Destroyed (4) 20 Value Destroyed (63) 63 Prototype IDs (0) 0 Alien Tech Used (0) 0 Bonus (0) 0 TOTAL SCORE: 283 Bonus ------- None Cogmind --------- Core Integrity 0/250 Matter 300/300 Energy 100/100 System Corruption 2% Temperature Cool (0) Movement Walking (120) Location -10/Materials Parts ------- > --- POWER (1) -------- (None) > --- PROPULSION (2) --- Improved Aluminum Leg > --- UTILITY (2) ------ Small Storage Unit Seismic Analyzer > --- WEAPON (2) ------- (None) > --- INVENTORY (6) ---- Improved Aluminum Leg Improved Aluminum Leg Improved Sensor Array Improved Terrain Scanner Peak State ------------ > --- POWER ------------ Light Ion Engine > --- PROPULSION ------- Improved Aluminum Leg Improved Aluminum Leg > --- UTILITY ---------- Improved Terrain Scanner Seismic Analyzer > --- WEAPON ----------- Medium Laser Small Laser > --- INVENTORY -------- Small Storage Unit [Rating: 10] Favorites ----------- Power Light Ion Engine Engine Light Ion Engine Propulsion Hover Unit Leg Improved Aluminum Leg Wheel Wheel Hover Unit Hover Unit Utility Seismic Analyzer Device Improved Terrain Scanner Storage Small Storage Unit Processor Seismic Analyzer Weapon Medium Laser Energy Gun Medium Laser Build | -11 -10 ------- Run | Scr Mat Slots Evolved . | . . Power . | . . Propulsion . | . . Utility . | . . Weapon . | . . Parts Attached 16 | 8 8 Power 1 | 1 . Engine 1 | 1 . Core . | . . Reactor . | . . Propulsion 9 | 2 7 Treads . | . . Leg 5 | . 5 Wheel 2 | 2 . Hover 2 | . 2 Flight . | . . Utility 4 | 3 1 Device 1 | 1 . Storage 2 | 1 1 Processor 1 | 1 . Hackware . | . . Protection . | . . Artifact . | . . Weapon 2 | 2 . Energy Gun 2 | 2 . Energy Cannon . | . . Ballistic Gun . | . . Ballistic Cannon . | . . Launcher . | . . Special Weapon . | . . Impact Weapon . | . . Slashing Weapon . | . . Piercing Weapon . | . . Special Melee Weapon . | . . Unidentified Prototypes . | . . Parts Lost 6 | . 6 Power 1 | . 1 Propulsion 3 | . 3 Utility . | . . Weapon 2 | . 2 Highest Loss Streak 5 | . 5 Average Slot Usage (%) 85 | . 85 Engine 10 | . 10 Leg 9 | . 9 Hover 15 | . 15 Device 2 | . 2 Storage 11 | . 11 Processor 14 | . 14 Energy Gun 19 | . 19 Naked Turns . | . . Heaviest Build 11 | 11 10 Greatest Support 26 | 10 26 Greatest Overweight (x) 1 | 1 1 Average Overweight (x) . | . . Largest Inventory Capacity 6 | 6 6 Average Capacity 5 | 4 5 Most Carried 6 | 4 6 Average Carried 3 | 1 5 Final Capacity 6 | 4 6 Final Carried 4 | 2 4 Class Distribution -------------------- 100% | Mutant Dominant Class ---------------- Mutant | -10/Materials Resources | -11 -10 ----------- Run | Scr Mat Matter Collected 310 | 280 30 Remotely . | . . Salvage Created 157 | 87 70 Parts 10 | 5 5 Haulers Intercepted . | . . Recyclers Shooed . | . . Parts Field Recycled . | . . Retrieved Matter . | . . Parts Self-Destructed . | . . Prevented . | . . Kills | -11 -10 ------- Run | Scr Mat Combat Hostiles Destroyed 1 | . 1 Guns 1 | . 1 Classes Destroyed 4 | 2 2 Tunneler 1 | 1 . Recycler 1 | 1 . Watcher 1 | . 1 Grunt 1 | . 1 Best Kill Streak 2 | 2 1 Combat Bots Only 1 | . 1 Max Kills in Single Turn 1 | 1 1 Gunslinging . | . . Exploded . | . . Melee . | . . Uniques/NPCs Destroyed . | . . Combat | -11 -10 -------- Run | Scr Mat Damage Taken 666 | . 666 Core 256 | . 256 Absorbed by Shields . | . . Core Remaining (%) 100 | 100 . Volleys Fired 17 | 5 12 Largest 2 | 2 2 Hottest 90 | 90 90 Shots Fired 33 | 10 23 Gun 33 | 10 23 Cannon . | . . Launcher . | . . Special . | . . Kinetic . | . . Thermal 33 | 10 23 Explosive . | . . Electromagnetic . | . . Robot Hit Streak 7 | 5 7 Robot Miss Streak 3 | 1 3 Penetration Max . | . . Secondary Targets . | . . Shots Hit Robots 23 | 7 16 Core Hits 19 | 3 16 Critical Hits . | . . Critical Kills . | . . Critical Parts Destroyed . | . . Melee Attacks . | . . Impact . | . . Slashing . | . . Piercing . | . . Sneak Attacks . | . . Combat Hostiles . | . . Follow-up Attacks . | . . Damage Inflicted 319 | 90 229 Guns 283 | 90 193 Cannons . | . . Explosions . | . . Melee . | . . Ramming 36 | . 36 Kinetic . | . . Thermal 283 | 90 193 Explosive . | . . Electromagnetic . | . . Impact . | . . Slashing . | . . Piercing . | . . Highest Corruption 2 | . 2 Average Corruption 2 | . 2 Corruption Purged . | . . Overload Shots . | . . Overflow Damage . | . . Projectiles . | . . Explosions . | . . Melee . | . . Knockbacks 1 | . 1 Impact 1 | . 1 Kinetic . | . . Secondary . | . . Self-Inflicted Damage 10 | . 10 Shots . | . . Rammed 27 | . 27 Targets Rammed 31 | . 31 Kicked 4 | . 4 Crushed . | . . Highest Temperature 332 | 120 332 Average Temperature 108 | 54 125 Received Heat Transfer 309 | . 309 Effects 1 | . 1 Energy Bleed 1 | . 1 Siege Activations . | . . Robots Corrupted . | . . Combat Hostiles . | . . Parts Fried . | . . Impact Corruptions . | . . Robots Melted . | . . Combat Hostiles . | . . Parts Melted . | . . Heat Transferred 744 | 236 508 Parts Sabotaged . | . . Parts Stolen . | . . Parts Stripped . | . . Power Chain Reactions . | . . Missiles Intercepted . | . . Alert | -11 -10 ------- Run | Scr Mat Peak Influence 48 | 10 48 Average Influence 11 | 6 14 Maximum Alert Level . | . . Low Security (%) 100 | 100 100 Level 1 . | . . Level 2 . | . . Level 3 . | . . Level 4 . | . . Level 5 . | . . High Security . | . . Max Security . | . . Squads Dispatched . | . . Investigation . | . . Extermination . | . . Reinforcement . | . . Assault . | . . Garrison . | . . Intercept . | . . Construction Impeded . | . . Haulers Reinforced . | . . Stealth | -11 -10 --------- Run | Scr Mat Distress Signals 2 | . 2 Communications Jammed . | . . Distress Signals . | . . Times Spotted 6 | . 6 Peak Tracking Total 7 | . 7 Tactical Retreats . | . . Traps | -11 -10 ------- Run | Scr Mat Traps Triggered . | . . Indirectly . | . . Trap Hack Attempts . | . . Triggered . | . . Disarmed . | . . Reprogrammed . | . . Reused . | . . Traps Extracted . | . . Installed . | . . Triggered . | . . Machines | -11 -10 ---------- Run | Scr Mat Machines Disabled . | . . Max in Single Turn . | . . Machines Sabotaged . | . . Garrisons Compromised . | . . Overloaded Fab Kills . | . . Fab Network Shutdowns . | . . Hacking | -11 -10 --------- Run | Scr Mat Machines Accessed 1 | . 1 Terminals . | . . Fabricators . | . . Repair Stations . | . . Recycling Units 1 | . 1 Scanalyzers . | . . Garrison Access . | . . Total Hacks 4 | . 4 Successful 3 | . 3 Failed 1 | . 1 Catastrophic . | . . Database Lockouts . | . . Manual 6 | . 6 Terminals . | . . Fabricators . | . . Repair Stations . | . . Recycling Units 4 | . 4 Scanalyzers . | . . Garrison Access . | . . Terminal Hacks . | . . Fabricator Hacks . | . . Repair Station Hacks . | . . Recycling Unit Hacks . | . . Scanalyzer . | . . Garrison Access Hacks . | . . Unauthorized Hacks 7 | . 7 Terminals . | . . Fabricators . | . . Repair Stations . | . . Recycling Units 3 | . 3 Monitor 1 | . 1 Reject 1 | . 1 Recyclers 1 | . 1 Scanalyzers . | . . Garrison Access . | . . Data Cores Recovered . | . . Used . | . . Hacking Detections 1 | . 1 Full Trace Events . | . . Feedback Events . | . . Feedback Blocked . | . . Robot Schematics Acquired . | . . Robots Built . | . . Matter . | . . Time . | . . Total Robot Build Rating . | . . Part Schematics Acquired . | . . Parts Built . | . . Matter . | . . Time . | . . Total Part Build Rating . | . . Parts Repaired . | . . Time . | . . Parts Recycled . | . . Recycled Matter . | . . Retrieved Matter . | . . Retrieved Components . | . . Parts Scanalyzed . | . . Part Schematics Acquired . | . . Parts Damaged . | . . Bothacking | -11 -10 ------------ Run | Scr Mat Used RIF Installer . | . . Robots Hacked . | . . Non-combat . | . . Combat . | . . Robot Hacks Applied . | . . Relay Couplers Released . | . . Robots Rewired . | . . Allies Hacked . | . . Hacks Repelled . | . . Allies | -11 -10 -------- Run | Scr Mat Total Allies . | . . Largest Group . | . . Highest-Rated Group . | . . Highest-Rated Ally . | . . Total Orders . | . . Ally Attacks . | . . Total Damage . | . . Kills . | . . Allies Corrupted . | . . Allies Melted . | . . Intel | -11 -10 ------- Run | Scr Mat Robot Analysis Total . | . . Derelict Logs Recovered . | . . Drone Launches . | . . Drone Recoveries . | . . Exploration | -11 -10 ------------- Run | Scr Mat Turns Passed 357 | 125 232 Spaces Moved 191 | 75 116 Core 37 | 34 3 Treads . | . . Legs 33 | . 33 Wheels 44 | 41 3 Hover 77 | . 77 Flight . | . . Fastest Speed 50 | 50 56 Average Speed 74 | 66 79 Slowest Speed 130 | 90 130 Overloaded Moves . | . . Propulsion Burnouts . | . . Robots Hopped . | . . Cave-ins Triggered . | . . Exploration Rate (%) 10 | 5 15 Regions Visited 1 Branch Regions . Pre-discovered Areas . | . . Known Exits Taken . | . . Unknown Exits Taken 1 | 1 . Scrap Searched . | . . Spaces Dug . | . . Terrain Destroyed . | . . Melee . | . . Projectile . | . . AOE . | . . Actions | -11 -10 --------- Run | Scr Mat Total 367 | 139 228 Wait 94 | 43 51 Move 190 | 74 116 Hop . | . . Pick Up 16 | 9 7 Fast Attach . | . . Attach 12 | 7 5 Detach . | . . Swap 4 | 1 3 Drop 3 | . 3 Fire 17 | 5 12 Melee . | . . Ram 13 | . 13 Kick 18 | . 18 Crush . | . . Escape Stasis . | . . Rewire . | . . Trap . | . . Miscellaneous . | . . Route ------- -11/Scrapyard -10/Materials History --------- Turn | Location | Event 23 | -11/Scrapyard | Discovered new exit (range 15) 126 | -11/Scrapyard | Entered Materials 305 | -10/Materials | Build established: Mutant 340 | -10/Materials | Lost 5 parts (1p2n2w) 341 | -10/Materials | Core integrity fell below 50% 351 | -10/Materials | Core integrity fell below 20% 358 | -10/Materials | Destroyed by S-10 Pest with Light Assault Rifle Last Messages --------------- Destabilizing: Short circuit. Imp. Aluminum Leg permanently disabled. Slammed into G-47 Trooper. >> MONITOR: Recycling Unit M001 accepting Aluminum Leg(91%). Kicked G-47 Trooper out of the way. Slammed into G-47 Trooper. Acquired 4 matter. >> MONITOR: Recycling Unit M001 accepting Heat Sink(93%). Slammed into G-47 Trooper. Destabilizing: System interference. Seismic Analyzer temporarily disabled. Kicked G-47 Trooper out of the way. Slammed into G-47 Trooper. Destabilizing: System corrupted (+2). Slammed into G-47 Trooper. Kicked G-47 Trooper out of the way. Slammed into G-47 Trooper. Kicked G-47 Trooper out of the way. Slammed into G-47 Trooper. Imp. Aluminum Leg destroyed. Map ----- +----------------------------------------------------+ | ???????????????????????????????????????? | | ???????????????????????????????????????? | | ???????????????????????????????????????? | | ???????????????????????????????????????? | | ???????????????????????????????????????? | | ???????????????????????????????????????? | | ???????????????????????????????????????? | | ???????????????????????????????????????? | | ???????????????????????????????????????? | | ???????????????????????????????????????? | | ???????????????????????????????????????? | | ???????????????????????????????????????? | | ???????????????????????????????????????? | | ???????????????????????????????????????? | | ???????????????????????????????????????? | | ???????????????????????????????????????? | | ???????????????????????????????????????? | | ???????????????????????????????????????? | | ???????????????????????????????????????? | | ???????????????????????????????????????? | | ???????????????????????????????????????? | | ???????????????????????????????????????? | | ???#######?????????????????????????????? | | #### ###############???????????????? | | r%%%g%%% ##########??????? | | %%%s%%%% @ k #??? | | rs%%s%%%% ##/#######??????? | | +### ###/######## # !#????????? | | ???####### % ## # """ #????????? | | ?????????# """ ## # "Y" ]#????????? | | ?????????# """"" ## # #?#??????? | | ?????????# """"" ## ########????????? | | ?????????# """"" ## #?????????? | | ?????????# """ ## #?????????? | | ?????????# ? ## ###???????? | | ?????????####??????## #???????? | | ????????????????????# + ?"????? | | ????????????????????# """ #??"????? | | ????????????????????# """ #???????? | | ????????????????????## """ #????? ?? | | ?????????????????#???# #?? ????? | | ?????????????????????# ]#???? ??? | | ?????????????????????# [ ##?????#? | | ?????????????????#?#?# [! #??#?#?# | | ???????????????##???## ##?????? | | ??????????????????#??# ##???#?? | | ?????????????????????# #?#???#? | | ??????????????????#?##+#+## #??????? | | ??????????????????? ??? ??# #####??#? | | ???????????????????????""?# !!#???? | +----------------------------------------------------+ Best States ------------- Heat Dissipation 25 Energy Generation 10 Energy Capacity 125 Matter Stores 300 Matter Capacity 300 Sight Range 16 Terrain Scan Range 16 Terrain Scan Density 60 Evasion (%) 53 Item Schematics ----------------- None Robot Schematics ------------------ None Fabricated ------------ Nothing Alien Tech Used ----------------- None Achievements -------------- None Challenges ------------ None Game ------ Seed BombardmentCoilDoomcannon Manual? 0 Play Time 00:10:29 Cumulative 58.1 hours Start 2019.12.04 @ 05:43:06 End 2019.12.04 @ 05:51:09 Sessions 1 Manual Loads 0 Difficulty Rogue Special Mode None Game No. 165 Rogue 165 Adventurer 0 Explorer 0 Win Type - Total 1 Types 1/0/0/0/0/0/0 Lore% 64 Gallery% 60 Achievement% 50 Wizard Run 0 Options --------- ASCII 0 Keyboard 0 Movement Numpad Keybinds 0 Fullscreen 1 Font 24/Smallcaps Map View 76x50 Tactical HUD 0 Map Filters NONE Filters NONE Steam 1 RUN: d9c22fd3-a5ae-401c-90d4-3387aeb10fa7